 Dungeon Crawl Stone Soup version 0.22-a0-282-gdd34a7d (webtiles) character file.

164355 ohad the Victor of a Thousand Battles (level 17, 0/134 HPs)
             Began as a Gnoll Skald on Mar 11, 2018.
             Was the Champion of Okawaru.
             Slain by an entropy weaver (11 damage)
             ... on level 4 of the Spider Nest on Mar 17, 2018.
             The game lasted 02:36:54 (50645 turns).

ohad the Victor of a Thousand Battles (GnSk)       Turns: 50645, Time: 02:36:55

Health: 0/134      AC: 15    Str: 14    XL:     17   Next: 85%
Magic:  33/33      EV: 12    Int: 25    God:    Okawaru [******]
Gold:   938        SH:  0    Dex: 15    Spells: 15/41 levels left

rFire    + . .     SeeInvis +   a - +9 lajatang (speed)
rCold    + + .     Gourm    .   (shield currently unavailable)
rNeg     + . .     Faith    .   T - +4 plate armour
rPois    +         Spirit   .   b - +1 hat {SInv}
rElec    .         Reflect  .   k - scarf {rC+ rF+}
rCorr    .         Harm     .   C - +1 pair of gloves
MR       +....                  X - +0 pair of boots
Stlth    ++........             i - amulet "Xycail" {+Rage rPois rC+ rN+ Int+3}
HPRegen  0.32/turn              w - +5 ring of slaying
MPRegen  0.23/turn              p - +4 ring of slaying

@: lethally poisoned (0 -> 0), heroism, corroded, berserk cooldown, hasted and
slowed
A: distributed training, fangs 1, strong nose
a: Heroism, Finesse, Renounce Religion, Evoke Berserk Rage


You were on level 4 of the Spider Nest.
You worshipped Okawaru.
Okawaru was exalted by your worship.
You were not hungry.

You visited 4 branches of the dungeon, and saw 27 of its levels.
You also visited: Sewer.

You collected 2994 gold pieces.
You spent 2056 gold pieces at shops.

Inventory:

Hand Weapons
 a - a +9 lajatang of speed (weapon)
 h - a +0 glaive
 s - the +4 triple crossbow of the Fulmar {flame, rPois Int+3}
   (Okawaru gifted it to you on level 12 of the Dungeon)

   It causes projectiles fired from it to burn those they strike, causing extra
   injury to most foes and up to half again as much damage against particularly
   susceptible opponents.
   It affects your intelligence (+3).
   It protects you from poison.
 t - a +2 arbalest of velocity
 A - a +2 vampiric battleaxe
 B - a +2 dagger of electrocution
 V - a +3 bardiche of flaming
Missiles
 q - 7 javelins (quivered)
 M - 399 bolts
Armour
 b - a +1 hat of see invisible (worn)
 g - a +3 scale mail of fire resistance
 k - a scarf of resistance (worn)
 C - a +1 pair of gloves (worn)
 I - a scarf of repulsion
 S - the +1 scale mail of the Shining Light {rPois Str-2 Dex+7 SInv}
   (You found it on level 7 of the Dungeon)

   It affects your strength (-2).
   It affects your dexterity (+7).
   It protects you from poison.
   It lets you see invisible.
 T - a +4 plate armour (worn)
 W - the +0 helmet of the Hart {Int+3 Stlth+}
   (Okawaru gifted it to you on level 15 of the Dungeon)

   It affects your intelligence (+3).
   It makes you more stealthy.
 X - a +0 pair of boots (worn)
Jewellery
 f - an uncursed ring of protection from magic
 i - the amulet "Xycail" (around neck) {+Rage rPois rC+ rN+ Int+3}
   (You found it on level 4 of the Dungeon)

   [amulet of rage]

   It affects your intelligence (+3).
   It protects you from cold.
   It protects you from poison.
   It protects you from negative energy.
   It lets you go berserk.
 o - an uncursed ring of fire
 p - a +4 ring of slaying (right hand)
 w - a +5 ring of slaying (left hand)
 x - an uncursed ring of stealth
 U - an uncursed ring of ice
Wands
 z - a wand of disintegration (46)
 R - a wand of iceblast (25)
Scrolls
 c - 7 scrolls of identify
 e - 3 scrolls of holy word
 n - 8 scrolls of remove curse
 r - 4 scrolls of magic mapping
 u - 12 scrolls of teleportation
 G - 4 scrolls of summoning
 H - 7 scrolls of enchant armour
 L - 3 scrolls of fog
 O - a scroll of amnesia
 P - a scroll of fear
 Z - 2 scrolls of blinking
Potions
 l - 4 potions of lignification
 m - 3 potions of agility
 v - 4 potions of flight
 y - a potion of magic
 D - 2 potions of resistance
 E - 6 potions of curing
 F - 6 potions of might
 J - 4 potions of cancellation
 N - 2 potions of berserk rage
 Q - a potion of haste
Comestibles
 d - 19 rations
 j - 3 chunks of flesh


   Skills:
 + Level 12.3(17.3) Fighting
 + Level 11.6(16.6) Short Blades
 + Level 11.6(16.6) Long Blades
 + Level 11.6(16.6) Axes
 + Level 11.6(16.6) Maces & Flails
 + Level 12.3(17.3) Polearms
 + Level 11.6(16.6) Staves
 + Level 11.6(16.6) Slings
 + Level 11.6(16.6) Bows
 + Level 11.6(16.6) Crossbows
 + Level 11.6(16.6) Throwing
 + Level 11.8(16.8) Armour
 + Level 12.3(17.3) Dodging
 + Level 11.6(16.6) Stealth
 + Level 11.6(16.6) Shields
 + Level 11.6(16.6) Unarmed Combat
 + Level 12.5 Spellcasting
 + Level 9.9 Conjurations
 + Level 9.9 Hexes
 + Level 11.2 Charms
 + Level 9.9 Summonings
 + Level 9.9 Necromancy
 + Level 9.9 Translocations
 + Level 9.9 Transmutations
 + Level 9.9 Fire Magic
 + Level 9.9 Ice Magic
 + Level 9.9 Air Magic
 + Level 9.9 Earth Magic
 + Level 9.9 Poison Magic
 + Level 12.5 Invocations
 + Level 11.6 Evocations


You had 15 spell levels left.
You knew the following spells:

 Your Spells              Type           Power        Failure   Level  Hunger
a - Infusion              Chrm           ####         1%          1    None
b - Song of Slaying       Chrm           ######..     1%          2    None
c - Shroud of Golubria    Chrm/Tloc      ######....   1%          2    None
d - Regeneration          Chrm/Necr      ######....   3%          3    None
e - Spectral Weapon       Hex/Chrm       ######..     3%          3    None
f - Portal Projectile     Hex/Tloc       ######       4%          3    None
g - Summon Ice Beast      Ice/Summ       ######..     14%         4    None
h - Summon Lightning Spi  Summ/Air       ######..     14%         4    None
i - Sticky Flame          Conj/Fire      ######..     14%         4    None


Dungeon Overview and Level Annotations

Branches:
Dungeon (15/15)            Temple (0/1) D:7            Lair (6/6) D:10
 Shoals (0/4) Lair:2       Spider (4/4) Lair:3          Orc (2/2) D:11
    Elf (0/3) Orc:2        Vaults (0/5) D:13         Depths (0/5) D:15
  Slime: Lair:5-6

Altars:
Dithmenos
Elyvilon
Fedhas
Hepliaklqana
Okawaru
Sif Muna
Uskayaw
Xom
Beogh

Shops:
D:7 !   Orc:2 }=(*[

Annotations:
Lair:5 exclusion: 4 oklob plants
Lair:6 exclusion: oklob plant


Innate Abilities, Weirdness & Mutations

Your experience applies equally to all skills.
You have very sharp teeth.
Your uncanny sense of smell can sniff out nearby items.


Message History

You feel sick.
The entropy weaver hits you but does no damage.
The entropy weaver hits you!
* * * LOW HITPOINT WARNING * * *
The entropy weaver closely misses you.
The entropy weaver hits you but does no damage.
You miss the entropy weaver.
The entropy weaver is almost dead.
The entropy weaver hits you.
* * * LOW HITPOINT WARNING * * *
The entropy weaver hits you but does no damage.
The entropy weaver hits you.
* * * LOW HITPOINT WARNING * * *
The entropy weaver hits you.
* * * LOW HITPOINT WARNING * * *
Okay, then.
You feel yourself speed up.
You feel sick.
The entropy weaver hits you but does no damage. x2
The entropy weaver hits you!
You die...

#.................#.....#a....
#^............###.##..........
#^...^^......##.#####.........
#.......<.####.?^†.#..........
#........##......††...^#......
#........#.....#^##....##....#
#........#....######....#.####
#........##..a## ###...###..a
#..<......##.@^####.##...#.^##
#.........##....#....#...#.##
#........^#....^.....##..##
#.........##..........#..#
#^.........###^.......#
#.^.<....###.##....#..#
#.......##....#...##..#
#.......#.....#####...# ∆
#.......##......#.....#


You could see an entropy weaver.

Vanquished Creatures
  Jorgrun (Spider:2)
  The ghost of kuniqs the Blocker, a journeyman DDFi of Makhleb (Spider:3)
  An emperor scorpion (Spider:3)
  8 entropy weavers
  Nessos (D:12)
  Josephine (D:14)
  A rakshasa (D:15)
  Harold (D:10)
  A vault guard (D:13)
  A catoblepas (Lair:6)
  6 hydras
  3 centaur warriors
  Erica (Lair:1)
  9 two-headed ogres
  An ogre mage (D:15)
  2 death knights (D:15)
  A queen ant (Spider:2)
  7 death yaks
  A deep troll shaman (Lair:6)
  4 orc high priests
  Nergalle (D:12)
  6 skeletal warriors (D:15)
  A swamp dragon (shapeshifter) (D:15)
  2 unseen horrors
  2 wizards
  5 orc knights
  Pikel (D:7)
  A wolf spider zombie (D:12)
  A deep elf mage (D:13)
  13 orb spiders
  20 ugly things
  20 wolf spiders
  A manticore (shapeshifter) (D:15)
  3 orc sorcerers (Orc:1)
  5 cyclopes
  9 elephants (Lair:6)
  6 moths of wrath
  2 centaur zombies
  2 torpor snails
  A black mamba (Lair:4)
  Joseph (D:10)
  3 gargoyles
  8 spiny frogs
  2 kobold demonologists (D:15)
  6 freezing wraiths
  9 komodo dragons
  An efreet (D:13)
  5 yaktaurs (D:15)
  14 demonic crawlers
  A tengu conjurer (D:9)
  20 jumping spiders
  3 polar bears (Lair:6)
  7 trolls
  A hornet (Spider:3)
  10 slime creatures
  38 blink frogs
  9 hippogriffs
  5 dream sheep
  A vampire (D:15)
  3 shadows
  34 tarantellas
  3 wyverns
  A spriggan (D:7)
  92 redbacks
  5 wraiths
  31 yaks
  3 basilisks
  2 hungry ghosts (D:13)
  3 steam dragons (D:10)
  2 vampire mosquitoes (D:13)
  A warg (Orc:1)
  27 soldier ants
  3 acid dragons
  14 water moccasins
  7 swamp worms (Spider:1)
  7 porcupines
  2 floating eyes (shapeshifter) (D:15)
  2 phantoms
  A swamp drake (Lair:2)
  2 sky beasts
  A black bear (D:6)
  An eye of draining (D:14)
  35 orc warriors
  2 ice beasts
  A necrophage (D:7)
  9 ogres
  9 centaurs
  26 wolves
  20 crocodiles
  17 bullfrogs
  6 big kobolds
  A wyvern skeleton (D:9)
  5 scorpions
  12 killer bees
  6 wights
  8 howler monkeys
  2 electric eels
  4 bullfrog zombies
  4 crimson imps
  A quasit (D:10)
  10 hounds
  26 orc priests
  6 centaur skeletons
  A jelly (D:7)
  2 bullfrog skeletons
  Crazy Yiuf (D:3)
  12 iguanas
  34 orc wizards
  7 hell rats (Lair:2)
  25 worker ants
  A killer bee zombie (D:9)
  A bullfrog simulacrum (D:13)
  A mummy (D:5)
  A worker ant zombie (D:10)
  14 adders
  9 gnolls
  A shadow imp (D:13)
  An ooze (Sewer)
  An adder skeleton (D:5)
  An adder zombie (D:6)
  14 worms
  3 dart slugs
  10 leopard geckos
  77 orcs
  5 ball pythons
  4 giant cockroaches
  7 goblins
  10 hobgoblins
  13 jackals
  29 kobolds
  2 quokkas
  10 bats
  6 frilled lizards
  A hobgoblin zombie (D:5)
  2 kobold zombies (D:5)
  A leopard gecko zombie (D:6)
  An orc zombie (D:5)
  A quokka skeleton (D:6)
  12 rats
1076 creatures vanquished.

Vanquished Creatures (collateral kills)
  Arachne (Spider:2)
  An orc warlord (Orc:1)
  2 spiny frogs (Lair:6)
  2 blink frogs (Lair:6)
  2 yaks (Lair:6)
  A wolf (Lair:6)
  An orc wizard (Orc:1)
10 creatures vanquished.

Vanquished Creatures (others)
  A tarantella (Spider:1)
  2 slaves (D:7)
  A bullfrog (D:7)
  A wight (D:7)
  An orc wizard (D:5)
  An orc priest (Orc:1)
  An orc (D:7)
  A bush (D:10)
  26 fungi
  32 plants
  6 spectral weapons
73 creatures vanquished.

Grand Total: 1159 creatures vanquished

Notes
Turn   | Place    | Note
-------+----------+-------------------------------------------
     0 | D:1      | ohad the Gnoll Skald began the quest for the Orb.
     0 | D:1      | Reached XP level 1. HP: 20/20 MP: 6/6
   308 | D:1      | Reached XP level 2. HP: 23/26 MP: 7/7
   650 | D:1      | Reached XP level 3. HP: 28/31 MP: 9/9
   659 | D:1      | Reached skill level 5 in Spellcasting
  1158 | D:2      | Reached skill level 1 in Short Blades
  1158 | D:2      | Reached skill level 1 in Long Blades
  1158 | D:2      | Reached skill level 1 in Axes
  1158 | D:2      | Reached skill level 1 in Maces & Flails
  1158 | D:2      | Reached skill level 1 in Staves
  1158 | D:2      | Reached skill level 1 in Slings
  1158 | D:2      | Reached skill level 1 in Bows
  1158 | D:2      | Reached skill level 1 in Crossbows
  1158 | D:2      | Reached skill level 1 in Throwing
  1158 | D:2      | Reached skill level 1 in Stealth
  1158 | D:2      | Reached skill level 1 in Shields
  1158 | D:2      | Reached skill level 1 in Unarmed Combat
  1158 | D:2      | Reached skill level 1 in Invocations
  1158 | D:2      | Reached skill level 1 in Evocations
  1158 | D:2      | Reached XP level 4. HP: 35/38 MP: 4/11
  1480 | D:2      | Learned a level 2 spell: Song of Slaying
  1483 | D:2      | Learned a level 2 spell: Shroud of Golubria
  1487 | D:2      | Learned a level 3 spell: Regeneration
  1491 | D:2      | Learned a level 3 spell: Spectral Weapon
  1562 | D:2      | Reached skill level 1 in Conjurations
  1562 | D:2      | Reached skill level 1 in Hexes
  1562 | D:2      | Reached skill level 1 in Summonings
  1562 | D:2      | Reached skill level 1 in Necromancy
  1562 | D:2      | Reached skill level 1 in Translocations
  1562 | D:2      | Reached skill level 1 in Transmutations
  1562 | D:2      | Reached skill level 1 in Fire Magic
  1562 | D:2      | Reached skill level 1 in Ice Magic
  1562 | D:2      | Reached skill level 1 in Air Magic
  1562 | D:2      | Reached skill level 1 in Earth Magic
  1562 | D:2      | Reached skill level 1 in Poison Magic
  2311 | D:3      | Reached XP level 5. HP: 43/43 MP: 2/12
  2783 | D:3      | Found a runed door.
  2789 | D:3      | Noticed Crazy Yiuf
  2796 | D:3      | Killed Crazy Yiuf
  3118 | D:4      | Noticed an ogre
  3130 | D:4      | Killed an ogre
  3130 | D:4      | Reached XP level 6. HP: 50/50 MP: 2/14
  3134 | D:4      | Found a white marble altar of Elyvilon.
  3138 | D:4      | Reached skill level 5 in Fighting
  3138 | D:4      | Reached skill level 5 in Polearms
  3138 | D:4      | Reached skill level 5 in Dodging
  3282 | D:4      | Reached XP level 7. HP: 9/56 MP: 7/15
  3313 | D:4      | HP: 2/56 [hound (1)]
  3318 | D:4      | HP: 1/56 [hound (2)]
  4054 | D:4      | Got a fine garnet amulet
  4420 | D:4      | Found a deep blue altar of Sif Muna.
  4459 | D:5      | Entered Level 5 of the Dungeon
  4623 | D:5      | Found a glowing drain.
  4668 | Sewer    | Entered a sewer
  4775 | Sewer    | Identified the amulet "Xycail" {+Rage rPois rC+ rN+ Int+3} (You found it on level 4 of the Dungeon)
  4947 | D:5      | Reached XP level 8. HP: 18/63 MP: 0/16
  5778 | D:6      | Learned a level 3 spell: Call Canine Familiar
  5782 | D:6      | Found a blossoming altar of Fedhas.
  5980 | D:6      | Found an iron altar of Okawaru.
  5987 | D:6      | Became a worshipper of Warmaster Okawaru
  5994 | D:6      | Found a hide-covered altar of Uskayaw.
  6397 | D:6      | Found a hazy altar of Hepliaklqana.
  6889 | D:7      | Found a staircase to the Ecumenical Temple.
  6908 | D:7      | Reached XP level 9. HP: 64/69 MP: 5/18
  7086 | D:7      | Noticed Pikel
  7114 | D:7      | Killed Pikel
  7114 | D:7      | Reached * piety under Okawaru
  7614 | D:7      | Reached skill level 5 in Armour
  7785 | D:7      | Reached ** piety under Okawaru
  7946 | D:7      | Found Toon's Distillery.
  7950 | D:7      | Bought a potion of curing for 36 gold pieces
  7950 | D:7      | Bought a potion of curing for 36 gold pieces
  7950 | D:7      | Bought a potion of agility for 48 gold pieces
  7950 | D:7      | Bought a potion of degeneration for 12 gold pieces
  8212 | D:7      | Got an encrusted scale mail
  8223 | D:7      | Identified the +1 scale mail of the Shining Light {rPois Str-2 Dex+7 SInv} (You found it on level 7 of the Dungeon)
  8892 | D:8      | Reached skill level 5 in Invocations
  9119 | D:8      | Noticed a two-headed ogre
  9552 | D:9      | Reached XP level 10. HP: 72/77 MP: 15/20
  9632 | D:9      | Noticed a two-headed ogre
  9640 | D:9      | Killed a two-headed ogre
  9640 | D:9      | Reached *** piety under Okawaru
  9640 | D:9      | Reached skill level 5 in Short Blades
  9640 | D:9      | Reached skill level 5 in Long Blades
  9640 | D:9      | Reached skill level 5 in Axes
  9640 | D:9      | Reached skill level 5 in Maces & Flails
  9640 | D:9      | Reached skill level 5 in Staves
  9640 | D:9      | Reached skill level 5 in Slings
  9640 | D:9      | Reached skill level 5 in Bows
  9640 | D:9      | Reached skill level 5 in Crossbows
  9640 | D:9      | Reached skill level 5 in Throwing
  9640 | D:9      | Reached skill level 5 in Stealth
  9640 | D:9      | Reached skill level 5 in Shields
  9640 | D:9      | Reached skill level 5 in Unarmed Combat
  9640 | D:9      | Reached skill level 5 in Evocations
 10129 | D:9      | Received a gift from Okawaru
 11093 | D:10     | Entered Level 10 of the Dungeon
 11127 | D:10     | Noticed Harold
 11146 | D:10     | Killed Harold
 11146 | D:10     | Reached **** piety under Okawaru
 11583 | D:10     | Noticed a gargoyle
 11586 | D:10     | Noticed Joseph
 11588 | D:10     | Killed a gargoyle
 11600 | D:10     | Killed Joseph
 11600 | D:10     | Reached XP level 11. HP: 30/84 MP: 15/22
 11915 | D:10     | Received a gift from Okawaru
 11922 | D:10     | Found a staircase to the Lair.
 11962 | D:10     | Reached ***** piety under Okawaru
 12103 | D:10     | Received a gift from Okawaru
 12153 | D:10     | Reached skill level 5 in Conjurations
 12153 | D:10     | Reached skill level 5 in Hexes
 12153 | D:10     | Reached skill level 5 in Summonings
 12153 | D:10     | Reached skill level 5 in Necromancy
 12153 | D:10     | Reached skill level 5 in Translocations
 12153 | D:10     | Reached skill level 5 in Transmutations
 12153 | D:10     | Reached skill level 5 in Fire Magic
 12153 | D:10     | Reached skill level 5 in Ice Magic
 12153 | D:10     | Reached skill level 5 in Air Magic
 12153 | D:10     | Reached skill level 5 in Earth Magic
 12153 | D:10     | Reached skill level 5 in Poison Magic
 12426 | D:10     | Noticed a two-headed ogre
 12870 | D:8      | Killed a two-headed ogre
 12870 | D:8      | Received a gift from Okawaru
 13270 | D:10     | Killed a two-headed ogre
 13382 | D:10     | Found a shimmering altar of Xom.
 13382 | D:10     | Noticed an unseen horror
 13415 | D:10     | Killed an unseen horror
 14100 | Lair:1   | Entered Level 1 of the Lair of Beasts
 14477 | Lair:1   | Reached XP level 12. HP: 66/93 MP: 10/24
 14483 | Lair:1   | Received a gift from Okawaru
 14679 | Lair:1   | Noticed Erica
 14687 | Lair:1   | Killed Erica
 15438 | Lair:2   | Found a staircase to the Shoals.
 16106 | Lair:2   | Learned a level 4 spell: Summon Ice Beast
 16286 | Lair:2   | Noticed a five-headed hydra
 16297 | Lair:2   | Killed a one-headed hydra
 16299 | Lair:2   | Noticed a death yak
 16317 | Lair:2   | Killed a death yak
 16590 | Lair:2   | Learned a level 4 spell: Summon Lightning Spire
 17536 | Lair:3   | Upgraded the game from 0.22-a0-271-gc000056 to 0.22-a0-274-gf8199ec
 17691 | Lair:3   | Found a hole to the Spider Nest.
 17828 | Lair:3   | Received a gift from Okawaru
 18028 | Lair:3   | Reached XP level 13. HP: 15/101 MP: 24/26
 19172 | Lair:4   | Received a gift from Okawaru
 19353 | Lair:4   | Got an ancient flail
 19355 | Lair:4   | Identified the +8 flail "Xisyaw" {flame, *Slow rF+ Int+3} (You found it on level 4 of the Lair of Beasts)
 20790 | Lair:5   | Received a gift from Okawaru
 20800 | Lair:5   | Reached ****** piety under Okawaru
 21494 | Lair:6   | Entered Level 6 of the Lair of Beasts
 21678 | Lair:6   | Received a gift from Okawaru
 22622 | Lair:6   | Received a gift from Okawaru
 22780 | Lair:6   | Received a gift from Okawaru
 22780 | Lair:6   | Reached skill level 10 in Spellcasting
 23110 | Lair:6   | Reached XP level 14. HP: 107/109 MP: 15/28
 23599 | Lair:6   | Reached skill level 10 in Fighting
 23599 | Lair:6   | Reached skill level 10 in Polearms
 23599 | Lair:6   | Reached skill level 10 in Dodging
 23975 | Lair:6   | Identified Wapsec's Guide on Igneous Dislocation
 24596 | D:11     | Found a staircase to the Orcish Mines.
 24605 | D:11     | Found a roughly hewn altar of Beogh.
 25241 | D:12     | Noticed Nessos
 25265 | D:12     | Killed Nessos
 25265 | D:12     | Reached skill level 10 in Invocations
 25727 | D:12     | Noticed Nergalle
 25746 | D:12     | Killed Nergalle
 25746 | D:12     | Received a gift from Okawaru
 25771 | D:12     | Got a steaming triple crossbow {god gift}
 25772 | D:12     | Identified the +4 triple crossbow of the Fulmar {flame, rPois Int+3} (Okawaru gifted it to you on level 12 of the Dungeon)
 25967 | D:12     | Learned a level 3 spell: Portal Projectile
 26647 | D:13     | Found a gate to the Vaults.
 27487 | Orc:1    | Entered Level 1 of the Orcish Mines
 27752 | Orc:1    | Found a roughly hewn altar of Beogh.
 28072 | Orc:2    | Entered Level 2 of the Orcish Mines
 28409 | Orc:2    | Found a staircase to the Elven Halls.
 28451 | Orc:2    | Noticed an orc warlord
 28451 | Orc:2    | Received a gift from Okawaru
 28472 | Orc:1    | HP: 5/111 [orc warrior/battleaxe (35)]
 28483 | Orc:1    | Killed an orc warlord
 28483 | Orc:1    | Received a gift from Okawaru
 28483 | Orc:1    | Reached XP level 15. HP: 23/117 MP: 19/29
 29399 | Orc:1    | Received a gift from Okawaru
 29399 | Orc:1    | Reached skill level 10 in Armour
 30075 | Orc:2    | Paralysed by an orc sorcerer for 6 turns
 30518 | Orc:1    | HP: 5/117 [orc high priest/war axe (4)]
 31017 | Orc:2    | Found Habixomo's General Store.
 31018 | Orc:2    | Found Xueffec's Jewellery Shoppe.
 31019 | Orc:2    | Found Yfady's Antique Armour Emporium.
 31019 | Orc:2    | Found Gehoiluw's Antique Weapon Emporium.
 31056 | Orc:2    | Bought a +5 ring of slaying for 1819 gold pieces
 31066 | Orc:2    | Bought a scroll of enchant armour for 105 gold pieces
 31222 | Orc:2    | Found Doush's Gadget Shop.
 31906 | D:14     | Received a gift from Okawaru
 31943 | D:14     | Paralysed by a wizard for 6 turns
 31968 | D:14     | Reached skill level 10 in Charms
 32232 | D:14     | Noticed Josephine
 32252 | D:14     | Killed Josephine
 32543 | D:14     | Reached skill level 10 in Short Blades
 32543 | D:14     | Reached skill level 10 in Long Blades
 32543 | D:14     | Reached skill level 10 in Axes
 32543 | D:14     | Reached skill level 10 in Maces & Flails
 32543 | D:14     | Reached skill level 10 in Staves
 32543 | D:14     | Reached skill level 10 in Slings
 32543 | D:14     | Reached skill level 10 in Bows
 32543 | D:14     | Reached skill level 10 in Crossbows
 32543 | D:14     | Reached skill level 10 in Throwing
 32543 | D:14     | Reached skill level 10 in Stealth
 32543 | D:14     | Reached skill level 10 in Shields
 32543 | D:14     | Reached skill level 10 in Unarmed Combat
 32543 | D:14     | Reached skill level 10 in Evocations
 32806 | D:15     | Entered Level 15 of the Dungeon
 32969 | D:15     | Received a gift from Okawaru
 33550 | D:15     | Found a shadowy altar of Dithmenos.
 33855 | D:15     | Received a gift from Okawaru
 33869 | D:15     | Got a warped helmet {god gift}
 33881 | D:15     | Identified the +0 helmet of the Hart {Int+3 Stlth+} (Okawaru gifted it to you on level 15 of the Dungeon)
 34399 | D:15     | Paralysed by a floating eye for 2 turns
 34420 | D:15     | Identified the Guide on Glacial Poisoning
 34429 | D:15     | Learned a level 4 spell: Sticky Flame
 34510 | D:15     | Reached XP level 16. HP: 95/125 MP: 31/31
 37005 | D:15     | Found a staircase to the Depths.
 37425 | Spider:1 | Entered Level 1 of the Spider Nest
 37948 | Lair:3   | Upgraded the game from 0.22-a0-274-gf8199ec to 0.22-a0-278-g8f80174
 38036 | Lair:3   | Received a gift from Okawaru
 40591 | Spider:1 | Received a gift from Okawaru
 41375 | Spider:2 | Noticed Jorgrun
 41377 | Spider:2 | Noticed Arachne
 42122 | Spider:1 | HP: 5/127 [wolf spider (14)]
 42705 | Spider:2 | Killed Arachne
 42705 | Spider:2 | Received a gift from Okawaru
 43067 | Spider:1 | Reached XP level 17. HP: 92/133 MP: 33/33
 43250 | Spider:1 | Received a gift from Okawaru
 43619 | Spider:2 | Killed Jorgrun
 45466 | Spider:2 | Received a gift from Okawaru
 46404 | Spider:2 | Received a gift from Okawaru
 46500 | Spider:3 | Noticed kuniqs's ghost (journeyman DDFi)
 46529 | Spider:3 | Killed kuniqs's ghost
 47156 | Spider:3 | Received a gift from Okawaru
 48086 | Spider:4 | Entered Level 4 of the Spider Nest
 50187 | Spider:4 | Upgraded the game from 0.22-a0-278-g8f80174 to 0.22-a0-282-gdd34a7d
 50645 | Spider:4 | Slain by an entropy weaver

Vault maps used:
D:1:      roderic_crop_circles_arrival_small
D:3:      first_ration, uniq_crazy_yiuf_cottage
D:4:      lemuel_blue_sif_altar, elyvilon_altar_5
D:5:      nicolae_ossuary_entry_ruins, gup_sewer_entry_glass,
          minmay_mini_ossuary
D:6:      overflow_temple_1_default, amethyst_overflow_temple_binary,
          basic_altar
D:7:      minmay_temple_entry_grid, serial_shops, shop, dk_noncrumbling_2,
          the_bakery, uniq_pikel
D:9:      cheibrodos_two_vegetables, minivault_23
D:10:     cheibrodos_steamvent, minmay_lair_entry_grove, grunt_ministairs_8,
          xom_teletrap_fun, uniq_harold, uniq_joseph
D:11:     minmay_orc_entry_temple_small
D:12:     columned_hall_lemuel, uniq_nessos, uniq_nergalle
D:13:     david_vaults_5, serial_column_ruins, column_ruins_grid_1,
          column_ruins_corridor_straight, column_ruins_open_tiny,
          column_ruins_grid_2
D:14:     minmay_misc_feat_cross, uniq_josephine
D:15:     gammafunk_enter_depths_forms, nicolae_dithmenos_the_darkroom
Lair:1:   uniq_erica
Lair:2:   lemuel_reptile_caves, minmay_shoals_entry_centaurs,
          hangedman_lair_generics_rect
Lair:3:   spider_nest_entry_webs, beast_lair_carwin_11
Lair:4:   st_stairs_5
Lair:5:   lemuel_old_faithful, minmay_lair_oklob_chamber
Lair:6:   grunt_lair_end_beastmaster, minmay_slime_entry_oklob_enclosed,
          st_stairs_9
Spider:1: worms_lemuel
Spider:2: minivault_29, uniq_arachne, uniq_jorgrun
Spider:3: nicolae_spider_cling_ruins
Spider:4: johnstein_spider_rune_arachne_lair
Orc:1:    basic_altar
Orc:2:    st_orc_congregation, serial_shops, nicolae_shop_stone
Sewer:    kennysheep_pipe_town

Skill      XL: |  1  2  3  4  5  6  7  8  9 10 11 12 13 14 15 16 17 |
---------------+----------------------------------------------------+-----
Spellcasting   | 5 6 7 8 9 10 11 12 | 12.5
Short Blades   | 1 2 3 4 5 6 7 8 9 10 11 | 11.6
Long Blades    | 1 2 3 4 5 6 7 8 9 10 11 | 11.6
Axes           | 1 2 3 4 5 6 7 8 9 10 11 | 11.6
Maces & Flails | 1 2 3 4 5 6 7 8 9 10 11 | 11.6
Staves         | 1 2 3 4 5 6 7 8 9 10 11 | 11.6
Slings         | 1 2 3 4 5 6 7 8 9 10 11 | 11.6
Bows           | 1 2 3 4 5 6 7 8 9 10 11 | 11.6
Crossbows      | 1 2 3 4 5 6 7 8 9 10 11 | 11.6
Throwing       | 1 2 3 4 5 6 7 8 9 10 11 | 11.6
Stealth        | 1 2 3 4 5 6 7 8 9 10 11 | 11.6
Shields        | 1 2 3 4 5 6 7 8 9 10 11 | 11.6
Unarmed Combat | 1 2 3 4 5 6 7 8 9 10 11 | 11.6
Invocations    | 1 2 3 4 5 6 7 8 9 10 11 12 | 12.5
Evocations     | 1 2 3 4 5 6 7 8 9 10 11 | 11.6
Conjurations   | 1 2 3 4 5 6 7 8 9 |  9.9
Hexes          | 1 2 3 4 5 6 7 8 9 |  9.9
Summonings     | 1 2 3 4 5 6 7 8 9 |  9.9
Necromancy     | 1 2 3 4 5 6 7 8 9 |  9.9
Translocations | 1 2 3 4 5 6 7 8 9 |  9.9
Transmutations | 1 2 3 4 5 6 7 8 9 |  9.9
Fire Magic     | 1 2 3 4 5 6 7 8 9 |  9.9
Ice Magic      | 1 2 3 4 5 6 7 8 9 |  9.9
Air Magic      | 1 2 3 4 5 6 7 8 9 |  9.9
Earth Magic    | 1 2 3 4 5 6 7 8 9 |  9.9
Poison Magic   | 1 2 3 4 5 6 7 8 9 |  9.9
Armour         | 3 4 5 6 7 8 9 10 11 | 11.8
Fighting       | 5 6 7 8 9 10 11 12 | 12.3
Polearms       | 5 6 7 8 9 10 11 12 | 12.3
Dodging        | 5 6 7 8 9 10 11 12 | 12.3
Charms         | 6 7 8 9 10 11 | 11.2

Action                   |  1- 3 |  4- 6 |  7- 9 | 10-12 | 13-15 | 16-18 || total
-------------------------+-------+-------+-------+-------+-------+-------++-------
Melee: Spear             |   126 |   115 |   290 |       |       |       ||   531
       Bite              |    14 |    10 |    45 |   100 |   222 |   124 ||   515
       Punch             |       |       |     5 |       |     1 |       ||     6
       Trident           |       |       |    65 |       |       |       ||    65
       Lajatang          |       |       |     7 |   624 |  1332 |  1024 ||  2987
       Scimitar          |       |       |       |     6 |    16 |     5 ||    27
       Battleaxe         |       |       |       |       |   174 |       ||   174
       Halberd           |       |       |       |       |    11 |       ||    11
 Fire: Hand crossbow     |       |       |       |       |    10 |       ||    10
       Triple crossbow   |       |       |       |       |    43 |   139 ||   182
 Cast: Infusion          |     1 |    14 |    33 |    43 |    27 |     4 ||   122
       Spectral Weapon   |       |     8 |    34 |    20 |     4 |     4 ||    70
       Shroud of Golubri |       |     2 |    13 |    20 |    20 |     3 ||    58
       Call Canine Famil |       |       |     2 |       |       |       ||     2
       Song of Slaying   |       |       |       |     7 |     5 |     1 ||    13
       Regeneration      |       |       |       |       |    29 |       ||    29
       Summon Ice Beast  |       |       |       |       |    12 |       ||    12
       Summon Lightning  |       |       |       |       |     3 |     1 ||     4
Invok: Heroism           |       |       |       |     5 |    24 |    13 ||    42
 Abil: Evoke Berserk Rag |       |       |       |       |       |    15 ||    15
  Use: Scroll            |       |       |    18 |    16 |     6 |     8 ||    48
       Potion            |       |       |     2 |     2 |     5 |    17 ||    26
 Stab: Sleeping          |       |     2 |     3 |     3 |    15 |       ||    23
       Distracted        |       |       |     1 |     1 |     3 |       ||     5
       Petrified         |       |       |       |       |     5 |       ||     5
       Petrifying        |       |       |       |       |     1 |       ||     1
       Held in net/web   |       |       |       |       |       |     1 ||     1
  Eat: Chunk             |       |     8 |    14 |    13 |    48 |    15 ||    98
       Ration            |       |       |     2 |     4 |     4 |    15 ||    25
Armor: Leather armour    |    17 |    17 |    53 |       |       |       ||    87
       Scale mail        |       |       |    28 |   201 |   381 |       ||   610
       Plate armour      |       |       |       |       |   177 |  1197 ||  1374
Dodge: Dodged            |    79 |    96 |   202 |   423 |   956 |   757 ||  2513
       Rpst.: Scimitar   |       |       |       |     1 |     3 |       ||     4

Table legend:
 A = Spawn XP
 B = Non-spawn XP
 C = Spawn XP percentage of total XP
 D = Spawn monster count
 E = Non-spawn monster count
 F = Spawn count percentage of total count
 G = Total turns spent on level
                    A         B        C        D         E        F      G
               +---------+---------+-------+---------+---------+-------+---------
         Total |       0 |  234794 |   0.0 |       0 |    1089 |   0.0 | 50645
               +---------+---------+-------+---------+---------+-------+---------
           D:1 |       0 |      43 |   0.0 |       0 |      24 |   0.0 |  1088
           D:2 |       0 |     103 |   0.0 |       0 |      17 |   0.0 |  1088
           D:3 |       0 |     160 |   0.0 |       0 |      22 |   0.0 |  1489
           D:4 |       0 |     413 |   0.0 |       0 |      16 |   0.0 |   794
           D:5 |       0 |     654 |   0.0 |       0 |      22 |   0.0 |  1103
           D:6 |       0 |     742 |   0.0 |       0 |      20 |   0.0 |  1364
           D:7 |       0 |    1777 |   0.0 |       0 |      20 |   0.0 |  1947
           D:8 |       0 |    2059 |   0.0 |       0 |      19 |   0.0 |   825
           D:9 |       0 |    2436 |   0.0 |       0 |      19 |   0.0 |  1943
          D:10 |       0 |    7824 |   0.0 |       0 |      60 |   0.0 |  2242
          D:11 |       0 |    4665 |   0.0 |       0 |      32 |   0.0 |   972
          D:12 |       0 |    4537 |   0.0 |       0 |      22 |   0.0 |  1091
          D:13 |       0 |    7048 |   0.0 |       0 |      25 |   0.0 |  1395
          D:14 |       0 |   19140 |   0.0 |       0 |      60 |   0.0 |  2608
          D:15 |       0 |   30861 |   0.0 |       0 |      72 |   0.0 |  3141
        Lair:1 |       0 |    3677 |   0.0 |       0 |      16 |   0.0 |  1207
        Lair:2 |       0 |    7592 |   0.0 |       0 |      63 |   0.0 |  2210
        Lair:3 |       0 |   14199 |   0.0 |       0 |      48 |   0.0 |  3740
        Lair:4 |       0 |    7772 |   0.0 |       0 |      34 |   0.0 |  1732
        Lair:5 |       0 |    2094 |   0.0 |       0 |      10 |   0.0 |   723
        Lair:6 |       0 |   23506 |   0.0 |       0 |      73 |   0.0 |  2644
      Spider:1 |       0 |   25290 |   0.0 |       0 |      94 |   0.0 |  4894
      Spider:2 |       0 |   27127 |   0.0 |       0 |      77 |   0.0 |  2400
      Spider:3 |       0 |   12606 |   0.0 |       0 |      36 |   0.0 |  1866
      Spider:4 |       0 |   14032 |   0.0 |       0 |      42 |   0.0 |  2049
         Orc:1 |       0 |    9887 |   0.0 |       0 |      74 |   0.0 |  3073
         Orc:2 |       0 |    4434 |   0.0 |       0 |      59 |   0.0 |   811
         Sewer |       0 |     116 |   0.0 |       0 |      13 |   0.0 |   206
               +---------+---------+-------+---------+---------+-------+---------
